 Dungeon Crawl Stone Soup version 0.29.1-1-gd02db6906a (webtiles) character file.

Game seed: 772845760184977038

497 sleeves the Covered (level 7, -4/61 HPs)
             Began as a Meteoran Fighter on Sept 23, 2022.
             Slain by a killer bee (8 damage)
             ... on level 4 of the Dungeon.
             The game lasted 00:06:27 (1796 turns).

sleeves the Covered (Meteoran Fighter)              Turns: 1796, Time: 00:06:28

Health: -4/61      AC:  8    Str: 20    XL:     7   Next: 66%
Magic:  8/8        EV:  9    Int:  9    God:
Gold:   166        SH:  5    Dex: 14    Spells: 6/6 levels left

rFire   . . .      SeeInvis .   t - +2 dagger (venom)
rCold   . . .      Faith    .   c - +0 buckler
rNeg    . . .      Spirit   .   b - +0 scale mail
rPois   .          Reflect  .   (no helmet)
rElec   .          Harm     .   e - +0 cloak
rCorr   .          Rampage  .   (no gloves)
Will    .....                   (no boots)
Stlth   ..........              (no amulet)
HPRegen 0.20/turn               (no ring)
MPRegen 0.11/turn               (no ring)

@: lethally poisoned (-4 -> -20), glowing
A: sense surroundings 1, otherworldly, glowing, explore regen, wild magic 1
a: no special abilities


You were on level 4 of the Dungeon.
You visited 1 branch of the dungeon, and saw 5 of its levels.

You collected 166 gold pieces.

Inventory:

Hand Weapons
 a - a +0 war axe of protection
 t - a +2 dagger of venom (weapon)
   (You took it off an orc wizard on level 4 of the Dungeon)
Missiles
 p - 6 boomerangs (quivered)
Armour
 b - a +0 scale mail (worn)
 c - a +0 buckler (worn)
 e - a +0 cloak (worn)
   (You found it on level 1 of the Dungeon)
 f - a scarf of shadows
   (You found it on level 1 of the Dungeon)
 n - a +0 helmet
   (You found it on level 2 of the Dungeon)
Scrolls
 d - a scroll of blinking
 j - 3 scrolls of identify
 l - a scroll of teleportation {unknown}
 o - a scroll of fog
 q - a scroll of fear {unknown}
 r - a scroll of immolation {unknown}
Potions
 g - 2 potions of curing {unknown}
 h - a potion of degeneration {unknown}
 i - a potion of flight {unknown}
 m - 2 potions of heal wounds {unknown}


   Skills:
 + Level 5.0 Fighting
 + Level 4.6 Axes
 + Level 2.6 Throwing
 + Level 5.5 Armour
 + Level 5.4 Shields


You had 6 spell levels left.
You didn't know any spells.
Your spell library contained the following spells:

 Spells                   Type           Power      Damage    Failure   Level
 Static Discharge         Conj/Air       0%         3-3/arc   95%         2
 Dispel Undead            Necr           0%         3d6       100%        4
 Sticky Flame             Conj/Fire      0%         2d3       100%        4


Dungeon Overview and Level Annotations

Branches:
Dungeon (5/15) Zot: 1110
 Temple: D:4-7

Altars:
Cheibriados

Shops:
D:1 (   D:4 =

Annotations:
D:2 Sigmund
D:5 Pikel


Innate Abilities, Weirdness & Mutations

You passively map a small area around you.
You are easily found by Zot.
You glow in the dark.
You regain HP and MP as you explore.
Your spells are a little harder to cast, but a little more powerful.


Message History

j - 4 scrolls labelled PUJEZO HIDIRURR (gained 1)
An adder comes into view.
The adder hisses angrily.
An adder is nearby!
You barely miss the adder. You block the adder's attack.
The adder bites you but does no damage.
You closely miss the adder. The adder bites you but does no damage.
You block the adder's attack.
You slash the adder!
The adder is severely wounded.
You block the adder's attack. The adder bites you but does no damage.
You hit the adder.
The adder is severely wounded.
The adder bites you but does no damage. The adder barely misses you.
You barely miss the adder.
The adder is severely wounded.
You block the adder's attack.
You barely miss the adder.
The adder is severely wounded.
The adder bites you. You block the adder's attack.
You hit the adder.
The adder is severely wounded.
The adder bites you but does no damage. x2
You miss the adder.
The adder is severely wounded.
The adder closely misses you. x2
You barely miss the adder.
The adder is severely wounded.
The adder bites you but does no damage.
You slash the adder!
You kill the adder!
Your Fighting skill increases to level 4!
You have reached level 5!
No target in view!
HP restored.
You now have 126 gold pieces (gained 8).
You now have 136 gold pieces (gained 10).
n - a +0 helmet
Found a dagger.
The ball python hisses angrily.
A ball python is nearby!
Found a scroll labelled LOEVAT EBODDOX.
Found 8 gold pieces.
The ball python bites you but does no damage.
The ball python grabs you. The ball python constricts you.
You slash the ball python!
You kill the ball python!
No target in view!
No target in view!
You see here a ball python corpse.
Natasha, Servant of Life and Death comes into view.
She is carrying a wand of flame (22).
Natasha hisses angrily.
Natasha casts a spell at you. You resist with some effort.
Found a scroll labelled LOEVAT EBODDOX.
Natasha zaps a wand.
The puff of flame hits you.
You slash Natasha!
Natasha is almost dead.
Natasha claws you.
You hit Natasha but do no damage.
Natasha is almost dead.
Natasha zaps a wand.
The puff of flame hits you! Natasha claws you but does no damage.
You are too injured to fight recklessly!
You are too injured to fight recklessly!
You are too injured to fight recklessly!
You are too injured to fight recklessly!
You are too injured to fight recklessly!
You are too injured to fight recklessly!
You are too injured to fight recklessly!
You are too injured to fight recklessly!
You are too injured to fight recklessly!
You are too injured to fight recklessly!
You are too injured to fight recklessly!
You are too injured to fight recklessly!
You are too injured to fight recklessly!
You are too injured to fight recklessly!
You slash Natasha!
You kill Natasha!
Natasha screams in fury as she dies!
You now have 144 gold pieces (gained 8).
o - a scroll labelled LOEVAT EBODDOX
o - 2 scrolls labelled LOEVAT EBODDOX (gained 1)
You see here a staff of cold.
Sigmund shouts!
You aren't carrying any items that you can evoke.
Sigmund screams, "Die, monster!"
Sigmund casts a spell at you. You resist with some effort.
Found 8 gold pieces.
A rat comes into view.
A hobgoblin comes into view. It is wielding a staff of poison.
You block the rat's attack.
There is a stone staircase leading down here.
The rat barely misses you. The hobgoblin barely misses you.
You climb downwards.
There is a stone staircase leading up here.
You slash the hobgoblin!
You kill the hobgoblin!
You barely miss the rat.
The rat bites you but does no damage. x2
You barely miss the rat. The rat bites you but does no damage.
You barely miss the rat. You block the rat's attack.
You hit the rat.
The rat is moderately wounded.
The rat twitches its whiskers.
You block the rat's attack. The rat barely misses you.
You barely miss the rat.
The rat is moderately wounded.
The rat bites you but does no damage.
You slash the rat!
You kill the rat!
No target in view!
No target in view!
You see here a quokka skeleton.
A goblin comes into view. It is wielding a +0 dagger.
A hobgoblin comes into view.
The hobgoblin shouts!
The hobgoblin hits you.
You hit the hobgoblin.
The hobgoblin is moderately wounded.
The hobgoblin hits you but does no damage.
The hobgoblin hits you.
You closely miss the hobgoblin.
The hobgoblin is moderately wounded.
You closely miss the goblin. The goblin hits you but does no damage.
The hobgoblin hits you but does no damage.
You closely miss the hobgoblin.
The hobgoblin is moderately wounded.
You barely miss the goblin. You block the goblin's attack.
The hobgoblin hits you.
You barely miss the hobgoblin.
The hobgoblin is moderately wounded.
You closely miss the goblin. You block the goblin's attack.
The hobgoblin hits you but does no damage.
The goblin hits you with a +0 dagger. The hobgoblin hits you.
You closely miss the hobgoblin.
The hobgoblin is moderately wounded.
You slash the goblin!
You kill the goblin!
The hobgoblin barely misses you.
You closely miss the hobgoblin.
The hobgoblin is moderately wounded.
The hobgoblin hits you. The hobgoblin closely misses you.
You closely miss the hobgoblin.
The hobgoblin is moderately wounded.
You block the hobgoblin's attack.
You barely miss the hobgoblin.
The hobgoblin is moderately wounded.
You block the hobgoblin's attack.
You hit the hobgoblin.
You kill the hobgoblin!
No target in view!
No target in view!
No target in view!
No target in view!
No target in view!
No target in view!
No target in view!
Found 6 boomerangs.
p - 6 boomerangs
Found 7 gold pieces.
You now have 151 gold pieces (gained 7).
A bat comes into view.
The bat hits you but does no damage.
You slash the bat!
You kill the bat!
You see here a bat corpse.
A bat comes into view.
The bat hits you but does no damage. The bat attacks as you move away!
The bat barely misses you. The bat hits you but does no damage.
You block the bat's attack. The bat attacks as you move away!
The bat hits you but does no damage. x2
You block the bat's attack. The bat hits you but does no damage.
The bat attacks as you move away! The bat closely misses you.
The bat misses you. You block the bat's attack.
You closely miss the bat. The bat hits you but does no damage. x2
You closely miss the bat. The bat hits you but does no damage.
You block the bat's attack.
No target in view!
No target in view!
A bat is nearby!
A bat is nearby!
You slash the bat!
You kill the bat!
No target in view!
No target in view!
There is a stone staircase leading up here.
You see here a quokka skeleton.
There is a stone staircase leading down here.
You see here a staff of poison.
An orc comes into view. It is wielding a +0 flail.
The orc shouts!
An orc priest comes into view. It is wielding a +0 hand axe.
The orc priest shouts!
You hit the orc priest.
The orc priest is moderately wounded.
The orc priest hits you but does no damage.
The orc priest barely misses you.
You slash the orc priest!
You kill the orc priest!
You slash the orc!
You kill the orc!
No target in view!
No target in view!
Things that are here:
a +0 flail; a +0 hand axe; an orc corpse
Found a sling.
A bat comes into view.
The bat hits you but does no damage.
A bat is nearby!
You hit the bat.
You kill the bat!
No target in view!
No target in view!
q - a scroll labelled OGI GUUSEIKINN A bat comes into view.
A bat is nearby!
You barely miss the bat. The bat hits you but does no damage.
The bat barely misses you. The bat hits you but does no damage.
You hit the bat but do no damage. The bat barely misses you.
The bat misses you.
You closely miss the bat. You block the bat's attack.
The bat hits you but does no damage. The bat barely misses you.
You closely miss the bat. The bat closely misses you.
You hit the bat but do no damage. You block the bat's attack. x2
You slash the bat!
You kill the bat!
No target in view!
No target in view!
You open the door.
There is an open door here.
A giant cockroach comes into view.
The giant cockroach barely misses you.
You hit the giant cockroach but do no damage.
The giant cockroach barely misses you.
You barely miss the giant cockroach. The giant cockroach barely misses you.
The giant cockroach bites you.
You closely miss the giant cockroach. The giant cockroach barely misses you.
You block the giant cockroach's attack.
You closely miss the giant cockroach.
The giant cockroach bites you but does no damage.
You hit the giant cockroach.
The giant cockroach is almost dead.
The giant cockroach bites you but does no damage.
The giant cockroach misses you.
You hit the giant cockroach.
You kill the giant cockroach!
A ball python comes into view.
You block the ball python's attack. The ball python completely misses you.
A hobgoblin comes into view.
Found a leather armour.
The hobgoblin shouts!
The ball python closely misses you. The ball python grabs you.
The ball python constricts you.
You escape the ball python's grasp.
You slash the ball python!
You kill the ball python!
The hobgoblin barely misses you.
You barely miss the hobgoblin. The hobgoblin hits you.
You block the hobgoblin's attack.
You hit the hobgoblin but do no damage. The hobgoblin hits you.
You slash the hobgoblin!
You kill the hobgoblin!
No target in view!
No target in view!
No target in view!
No target in view!
No target in view!
No target in view!
No target in view!
You see here a hobgoblin corpse.
You see here a hobgoblin corpse.
There is an open door here.
HP restored.
You open the gate.
A worm comes into view.
Found a snail-covered altar of Cheibriados.
There is an open gate here.
The worm bites you but does no damage.
You hit the worm.
The worm is lightly wounded.
You slash the worm!
The worm is almost dead.
The worm bites you but does no damage.
You hit the worm.
You kill the worm!
No target in view!
No target in view!
No target in view!
No target in view!
No target in view!
No target in view!
There is an open gate here.
Things that are here:
a +0 sling; a bat corpse
Things that are here:
a +0 flail; a +0 hand axe; an orc corpse
There is a stone staircase leading down here.
You climb downwards.
There is a stone staircase leading up here.
You open the door.
There is an open door here.
You open the door.
There is an open door here.
An endoplasm comes into view.
The endoplasm quivers.
An endoplasm is nearby!
An endoplasm is nearby!
Found 12 gold pieces.
The endoplasm freezes you.
You are frozen.
You hit the endoplasm but do no damage. The endoplasm barely misses you.
You barely miss the endoplasm. The endoplasm freezes you.
You are frozen.
You barely miss the endoplasm. You block the endoplasm's attack.
The endoplasm closely misses you.
You slash the endoplasm!
You kill the endoplasm!
No target in view!
No target in view!
A quokka comes into view.
You see here a +0 long sword of protection.
A quokka is nearby!
A quokka is nearby!
A quokka is nearby!
The quokka closely misses you. You block the quokka's attack.
You hit the quokka.
The quokka is heavily wounded.
The quokka bites you.
You hit the quokka.
You kill the quokka!
You have reached level 6!
You feel agile.
HP restored.
An iguana and an orc come into view.
Found a mace.
The iguana hisses angrily.
The orc shouts!
The iguana moves out of view.
An orc is nearby!
An orc is nearby!
You barely miss the orc. The orc hits you but does no damage.
You slash the orc!
You kill the orc!
The iguana bites you!
You see here 12 gold pieces.
You closely miss the iguana. You block the iguana's attack.
The iguana bites you but does no damage.
You closely miss the iguana.
The iguana bites you but does no damage.
You barely miss the iguana. The iguana bites you. The iguana bites you!
You are too injured to fight recklessly!
You are too injured to fight recklessly!
You are too injured to fight recklessly!
You are too injured to fight recklessly!
You are too injured to fight recklessly!
You are too injured to fight recklessly!
You are too injured to fight recklessly!
You are too injured to fight recklessly!
You are too injured to fight recklessly!
You are too injured to fight recklessly!
You are too injured to fight recklessly!
You are too injured to fight recklessly!
You are too injured to fight recklessly!
You are too injured to fight recklessly!
You hit the iguana.
The iguana is moderately wounded.
The iguana bites you.
You slash the iguana!
The iguana is severely wounded.
The iguana bites you.
You hit the iguana.
The iguana is severely wounded.
You block the iguana's attack. The iguana bites you.
* * * LOW HITPOINT WARNING * * *
You closely miss the iguana.
The iguana is severely wounded.
The iguana bites you.
* * * LOW HITPOINT WARNING * * *
You closely miss the iguana.
The iguana is severely wounded.
The iguana closely misses you.
You closely miss the iguana.
The iguana is severely wounded.
The iguana bites you!
* * * LOW HITPOINT WARNING * * *
The iguana bites you but does no damage.
You closely miss the iguana.
The iguana is severely wounded.
The iguana barely misses you.
You completely miss the iguana.
The iguana is severely wounded.
The iguana barely misses you.
You slash the iguana!
You kill the iguana!
Your Throwing skill increases to level 1!
You now have 163 gold pieces (gained 12).
You see here an iguana corpse.
You open the door.
An adder comes into view.
The adder hisses angrily.
You are too injured to fight recklessly!
Throw: 6 boomerangs
Press: ? - help, Q - select action Shift-Dir - straight line, f - adder
Aim: an adder (42% to hit)
You throw a boomerang. The boomerang barely misses the adder.
Throw: 6 boomerangs
Press: ? - help, Q - select action Shift-Dir - straight line, f/p - adder
Aim: an adder (42% to hit)
You throw a boomerang. The boomerang hits the adder.
The adder is heavily wounded.
Throw: 6 boomerangs
Press: ? - help, Q - select action Shift-Dir - straight line, f/p - adder
Aim: an adder (heavily wounded, 42% to hit)
You throw a boomerang.
The boomerang hits the adder but does no damage.
The adder is heavily wounded.
You hit the adder.
The adder is almost dead.
The adder barely misses you. You block the adder's attack.
You hit the adder.
You kill the adder!
Found a scroll labelled ABBECUB FOIHE.
r - a scroll labelled ABBECUB FOIHE You open the door.
There is an open door here.
You open the door.
There is an open door here.
You open the door.
There is an open door here.
You open the door.
Found a stone staircase leading down.
There is an open door here.
Found a stone staircase leading down.
You open the door.
There is an open door here.
You open the door.
There is an open door here.
s - a scroll labelled KIATSEIPOESS You open the door.
There is an open door here.
You open the door.
A black bear comes into view.
The black bear growls angrily.
The black bear moves out of view.
There is an open door here.
Unknown command.
You closely miss the black bear. You block the black bear's attack.
The black bear claws you.
The black bear claws you but does no damage.
You hit the black bear.
The black bear is moderately wounded.
The black bear bites you but does no damage.
The black bear barely misses you.
The black bear claws you but does no damage.
The black bear bites you.
The black bear claws you but does no damage.
The black bear claws you.
You hit the black bear but do no damage.
The black bear is lightly wounded.
The black bear bites you.
The black bear claws you but does no damage. x2
You hit the black bear.
The black bear is moderately wounded.
The black bear bites you. The black bear barely misses you. x2
You slash the black bear!
The black bear is heavily wounded.
The black bear bites you but does no damage.
The black bear completely misses you. The black bear claws you.
The black bear bites you. The black bear claws you. x2
You are too injured to fight recklessly!
You are too injured to fight recklessly!
You are too injured to fight recklessly!
You are too injured to fight recklessly!
You feel very mighty all of a sudden. You block the black bear's attack.
The black bear claws you but does no damage.
The black bear claws you.
You slash the black bear!
The black bear is almost dead.
The black bear goes berserk!
You slash the black bear!
You kill the black bear!
Your Axes skill increases to level 4!
Your Armour skill increases to level 5!
Your Shields skill increases to level 5!
There is an open door, spattered with blood here.
As you open the door, it creaks loudly!
A giant cockroach comes into view.
There is an open door here.
A giant cockroach is nearby!
An endoplasm comes into view.
The endoplasm quivers.
There are monsters nearby!
You hit the giant cockroach.
The giant cockroach is severely wounded.
The giant cockroach closely misses you.
The giant cockroach bites you but does no damage.
The endoplasm freezes you.
You are frozen.
You completely miss the giant cockroach.
The giant cockroach is heavily wounded.
You slash the endoplasm!
You kill the endoplasm!
The giant cockroach barely misses you.
You closely miss the giant cockroach.
The giant cockroach is heavily wounded.
The giant cockroach bites you.
The giant cockroach bites you but does no damage.
You slash the giant cockroach!
You kill the giant cockroach!
No target in view!
No target in view!
No target in view!
No target in view!
No target in view!
No target in view!
Found a stone staircase leading up.
Found a stone staircase leading down.
You open the door.
There is an open door here.
You open the door.
There is an open door here.
You open the door.
There is an open door here.
You open the door.
Found a leather armour.
There is an open door here.
No target in view!
No target in view!
No target in view!
There is an open door here.
There is an open door here.
There is an open door here.
There is a stone staircase leading down here.
You climb downwards.
The killer bee buzzes angrily. x3; You hear an angry hiss.
You hear a shout!
You hear an angry buzzing noise.
You hear a shout!
Found 2 stones.
There is a stone staircase leading up here.
You climb upwards.
There is a stone staircase leading down here.
Unknown command.
You open the door.
There is an open door here.
You feel a little less mighty now.
Found 3 gold pieces.
You now have 166 gold pieces (gained 3).
You open the door.
There is an open door here.
A hobgoblin comes into view.
You hit the hobgoblin.
You kill the hobgoblin!
No target in view!
No target in view!
You open the door.
A goblin comes into view. It is wielding a +0 club.
A goblin is nearby!
The goblin hits you but does no damage.
There is an open door here.
You closely miss the goblin. The goblin hits you with a +0 club.
You closely miss the goblin. The goblin hits you but does no damage.
You hit the goblin but do no damage. You block the goblin's attack.
The goblin misses you.
You slash the goblin!
You kill the goblin!
No target in view!
No target in view!
No target in view!
No target in view!
No target in view!
No target in view!
No target in view!
As you open the door, it creaks loudly!
HP restored.
You open the door.
A white imp comes into view.
The white imp shouts!
A white imp is nearby!
The white imp closely misses you.
There is an open door here.
You barely miss the white imp.
The white imp hits you but does no damage.
You slash the white imp!
You kill the white imp!
No target in view!
No target in view!
No target in view!
No target in view!
No target in view!
No target in view!
There is an open door here.
There is a stone staircase leading up here.
You open the door.
A black bear comes into view.
The black bear growls angrily.
Found a scroll labelled YQUAHA NYWEEFF.
You close the door.
A jelly comes into view.
The jelly quivers.
You open the door. You hit the jelly.
Your hands burn!
The jelly is lightly wounded.
The jelly closely misses you.
You slash the jelly! The acid corrodes you!
Your hands burn!
The jelly is severely wounded.
The jelly hits you but does no damage.
You hit the jelly.
Your hands burn!
The jelly is almost dead.
The jelly closely misses you. The jelly hits you but does no damage.
You completely miss the jelly.
The jelly is almost dead.
The jelly hits you but does no damage.
You hit the jelly.
You kill the jelly!
Your Throwing skill increases to level 2!
You have reached level 7!
Found 6 stones.
There is an open door here.
You are no longer corroded.
You see here 6 stones.
You open the door.
There is an open door here.
You see here a scroll labelled YQUAHA NYWEEFF.
d - a scroll labelled YQUAHA NYWEEFF
There is an open door here.
You see here 6 stones.
You close the door.
You open the door.
There is an open door here.
There is an open door here.
There is an open door here.
You open the door.
There is an open door here.
You close the door.
You close the door.
You open the door.
There is an open door here.
You open the door.
There is an open door here.
As you open the door, it creaks loudly!
An iguana comes into view.
Found a glowing brown potion.
There is an open door here.
The iguana bites you but does no damage.
You hit the iguana.
The iguana is moderately wounded.
The iguana closely misses you. The iguana barely misses you.
You hit the iguana.
The iguana is severely wounded.
The iguana bites you.
You barely miss the iguana.
The iguana is severely wounded.
The iguana barely misses you.
You slash the iguana!
You kill the iguana!
No target in view!
m - 2 glowing brown potions (gained 1)
You open the door.
There is an open door here.
You open the door.
Found an escape hatch in the ceiling.
There is an open door here.
There is an escape hatch in the ceiling here.
A mysterious force pulls you upwards. The hatch slams shut behind you.
The goblin shouts!
The adder bites you but does no damage.
You closely miss the adder. The adder bites you but does no damage.
You block the adder's attack.
You closely miss the adder. The adder bites you. You block the adder's attack.
You miss the adder. You hit the hobgoblin.
You kill the hobgoblin!
You block the adder's attack.
You slash the adder!
The adder is almost dead.
You closely miss the goblin. The adder closely misses you.
You block the adder's attack. You block the goblin's attack.
You slash the adder!
You kill the adder!
You hit the goblin. The goblin hits you but does no damage.
You hit the goblin.
You kill the goblin!
No target in view!
No target in view!
No target in view!
No target in view!
No target in view!
No target in view!
No target in view!
No target in view!
No target in view!
No target in view!
No target in view!
No target in view!
No target in view!
You open the door.
There is an open door here.
Things that are here:
a +0 hand axe; a +0 flail; an orc skeleton
There is a stone staircase leading down here.
You climb downwards.
There is a stone staircase leading up here.
You climb upwards.
There is a stone staircase leading down here.
There is a stone staircase leading down here.
You climb downwards.
There is a stone staircase leading up here.
An ufetubus comes into view.
The ufetubus hits you but does no damage.
The ufetubus hits you.
You miss the ufetubus.
The ufetubus hits you but does no damage. x2
The ufetubus barely misses you. x2
You closely miss the ufetubus. The ufetubus hits you.
You block the ufetubus's attack.
The ufetubus hits you but does no damage.
You block the ufetubus's attack.
You slash the ufetubus!
You kill the ufetubus!
No target in view!
No target in view!
No target in view!
No target in view!
No target in view!
No target in view!
No target in view!
No target in view!
You open the door.
There is an open door here.
You open the door.
There is an open door here.
You open the door.
There is an open door here.
There is a stone staircase leading down here.
You climb downwards.
There is a stone staircase leading up here.
You climb upwards.
There is a stone staircase leading down here.
There is an open door here.
There is an open door here.
There is an open door here.
An orc comes into view. It is wielding a +2 dagger of speed.
The orc shouts!
You hear a shout!
An orc comes into view. It is wielding a +0 whip.
Found a ring mail.
The orc hits you with a +2 dagger of speed.
The orc hits you but does no damage.
You slash the orc!
You kill the orc!
You hit the orc.
An orc wizard comes into view. It is wielding a +2 dagger of venom.
The orc hits you but does no damage. You block the orc's attack.
You slash the orc!
You kill the orc!
Things that are here:
a +0 whip; a +0 leather armour You hit the orc wizard but do no damage.
The orc wizard mumbles some strange words.
The orc wizard flickers and vanishes!
Deactivating autopickup; reactivate with Ctrl-A.
No target in view!
No target in view!
No target in view!
No target in view!
No target in view!
You hit something. Something hits you but does no damage.
You are poisoned.
Something hits you but does no damage.
You completely miss something.
You feel sick. Something hits you.
You slash something!
Reactivating autopickup.
You feel a bit more experienced.
You feel sick.
You feel sick.
Things that are here:
a +2 dagger of venom; a +0 robe
Found Hobec's Jewellery Emporium.
You feel sick.
You feel sick.
You are no longer poisoned.
Things that are here:
a +2 dagger of venom; a +0 robe
Things that are here:
a +2 dagger of speed; a +0 leather armour; an orc corpse
Things that are here:
a +2 dagger of venom; a +0 robe
t - a +2 dagger of venom Your +2 dagger of venom begins to drip with poison!
t - a +2 dagger of venom (weapon)
Found an escape hatch in the floor.
A hobgoblin comes into view.
The hobgoblin shouts!
An orc comes into view. It is wielding a +0 short sword.
An orc comes into view. It is wielding a +0 flail.
The orc shouts!
There is an entrance to Hobec's Jewellery Emporium here.
You can access your shopping list by pressing '$'.
You block the orc's attack. The hobgoblin hits you.
You barely miss the orc. The hobgoblin barely misses you.
The orc barely misses you.
You closely miss the orc. The orc barely misses you. The hobgoblin hits you.
The orc hits you with a +0 flail.
You hit the orc.
The orc is poisoned.
The orc is moderately wounded.
The orc hits you with a +0 flail! You block the hobgoblin's attack.
The orc closely misses you.
You barely miss the orc.
The orc is severely wounded.
You kill the orc!
The orc hits you but does no damage.
The hobgoblin hits you but does no damage.
You hit the orc but do no damage.
The orc is poisoned.
The hobgoblin hits you. The orc hits you but does no damage.
You barely miss the orc.
The orc is moderately wounded.
The hobgoblin closely misses you. You block the orc's attack.
You hit the orc but do no damage.
The orc is moderately wounded.
The hobgoblin hits you but does no damage.
You block the orc's attack.
You hit the orc but do no damage.
The orc looks as sick as possible!
The orc is severely wounded.
The orc barely misses you.
The hobgoblin hits you but does no damage.
You hit the orc but do no damage.
The orc is almost dead.
You kill the orc!
The hobgoblin hits you but does no damage.
You hit the hobgoblin.
The hobgoblin is heavily wounded.
You block the hobgoblin's attack.
You hit the hobgoblin.
The hobgoblin is poisoned.
The hobgoblin is almost dead.
The hobgoblin barely misses you.
You hit the hobgoblin.
You kill the hobgoblin!
There is an escape hatch in the floor here.
A ball python comes into view.
The ball python hisses angrily.
The ball python misses you. The ball python grabs you.
The ball python constricts you.
You completely miss the ball python.
The ball python bites you but does no damage.
The ball python constricts you. You block the ball python's attack.
The ball python constricts you.
You barely miss the ball python. The ball python closely misses you.
The ball python constricts you.
You hit the ball python.
The ball python is poisoned.
The ball python is moderately wounded.
The ball python bites you but does no damage.
The ball python constricts you.
You hit the ball python.
You kill the ball python!
You see here a ball python corpse.
HP restored.
Things that are here:
a +0 flail; a +0 leather armour; an orc corpse You open the door.
There is an open door here.
There is an open door here.
A black bear is nearby!
You can't go down here!
The black bear growls angrily.
The black bear barely misses you. You block the black bear's attack.
The black bear claws you but does no damage.
You hit the black bear.
The black bear is lightly wounded.
The black bear closely misses you. You block the black bear's attack.
The black bear claws you but does no damage.
You hit the black bear.
The black bear is lightly wounded.
The black bear bites you. You block the black bear's attack.
The black bear claws you but does no damage.
You hit the black bear.
The black bear is lightly wounded.
You block the black bear's attack.
The black bear claws you but does no damage.
The black bear closely misses you.
You completely miss the black bear.
The black bear is lightly wounded.
You block the black bear's attack. The black bear claws you.
The black bear claws you but does no damage.
You barely miss the black bear.
The black bear is lightly wounded.
The black bear bites you. You block the black bear's attack.
The black bear claws you.
You hit the black bear but do no damage.
The black bear is poisoned.
The black bear is lightly wounded.
The black bear bites you but does no damage.
The black bear closely misses you. You block the black bear's attack.
You hit the black bear.
The black bear is moderately wounded.
The black bear closely misses you. The black bear completely misses you.
The black bear barely misses you.
You hit the black bear.
The black bear looks as sick as possible!
The black bear is heavily wounded.
The black bear bites you but does no damage.
You block the black bear's attack.
The black bear claws you but does no damage.
You hit the black bear.
The black bear looks as sick as possible!
The black bear is severely wounded.
The black bear completely misses you. The black bear claws you. x2
You hit the black bear.
The black bear is almost dead.
The black bear bites you. You block the black bear's attack.
The black bear claws you but does no damage.
You hit the black bear.
You kill the black bear!
Your Fighting skill increases to level 5!
No target in view!
No target in view!
No target in view!
No target in view!
No target in view!
No target in view!
No target in view!
No target in view!
No target in view!
No target in view!
There is a stone staircase leading down here.
You climb downwards.
The killer bee buzzes angrily. x3; You hear a shout! x2
The killer bee stings you. The killer bee closely misses you.
Pikel, Merchant of Souls comes into view.
He is wielding a +0 whip of freezing and wearing a +1 robe of positive energy.
The scorpion stings you but does no damage.
A killer bee comes into view.
The killer bee stings you.
You are poisoned.
The killer bee poisons you! The killer bee misses you.
You block the killer bee's attack. Pikel waves his whip at you.
The scorpion stings you.
There is a stone staircase leading up, spattered with blood here.
You feel sick.
The killer bee buzzes angrily.
The killer bee stings you.
You are more poisoned.
The killer bee poisons you! The killer bee stings you. x2
You block the killer bee's attack.
The killer bee stings you but does no damage.
You block the killer bee's attack. You block the scorpion's attack.
You climb upwards.
You feel very sick.
There is a stone staircase leading down here.
Okay, then.
Okay, then.
As you read the scroll labelled LOEVAT EBODDOX, it crumbles to dust.
The scroll dissolves into smoke.
It was a scroll of fog.
You feel sick.
The killer bee stings you but does no damage.
The killer bee stings you.
The killer bee stings you but does no damage.
The scorpion barely misses you. The killer bee barely misses you.
You block the killer bee's attack.
The killer bee stings you but does no damage.
As you read the scroll labelled PUJEZO HIDIRURR, it crumbles to dust.
It is a scroll of identify.
d - a scroll of blinking You feel sick.
The killer bee stings you.
* * * LOW HITPOINT WARNING * * *
You are more poisoned.
The killer bee poisons you! The killer bee stings you.
* * * LOW HITPOINT WARNING * * *
The killer bee stings you but does no damage.
The scorpion stings you.
* * * LOW HITPOINT WARNING * * *
You block the killer bee's attack.
The killer bee stings you but does no damage. x2
Blink to where?
Press: ? - help, Dir - move target, f - you
Okay, then.
As you read the scroll labelled KIATSEIPOESS, it crumbles to dust.
It is a scroll of brand weapon.
Your +0 war axe projects an invisible shield of force!
a - a +0 war axe of protection You feel very sick.
The killer bee stings you but does no damage.
The killer bee stings you.
* * * LOW HITPOINT WARNING * * *
You are lethally poisoned!
The killer bee poisons you! You block the killer bee's attack.
You block the scorpion's attack. The killer bee stings you.
* * * LOW HITPOINT WARNING * * *
The killer bee stings you but does no damage.
The killer bee stings you.
* * * LOW HITPOINT WARNING * * *
Okay, then.
It was a potion of mutation.
You feel extremely strange.
Your thoughts seem clearer.
Your thinking seems confused.
You feel less in control of your magic.
* * * LOW HITPOINT WARNING * * *
You feel very sick. The killer bee barely misses you.
The killer bee completely misses you. You block the killer bee's attack.
The scorpion stings you but does no damage.
The killer bee stings you!
You die...

#........'....#....# #....#
#.(......#....'....# #....#
##+####.##....#.#######....# [...
#.######....##.###........#
...#....h...#....#......#......#
...#........+.§..#......#......#
...#...##...#.§§§##.#####......#
...#...##...#.§s§§#####.....####
...#....#...+.§§@y#...#.....#
...##..##...#.§y§y#...#.....#
'########...#.§§§§#.###.....###
....#...'...#...<##.#####.....###
....'..###+##....'......+.....'..
....#..#.........#......#.....#..
########.........########.....###
...................##########..†.
...................#........#....


You could see a scorpion and 3 killer bees.

Vanquished Creatures
  2 black bears (D:4)
  An orc priest (D:3)
  A jelly (D:4)
  2 iguanas (D:4)
  Natasha (twice) (D:2)
  An orc wizard (D:4)
  3 adders
  A white imp (D:4)
  An ufetubus (D:4)
  2 worms (D:3)
  8 orcs
  6 endoplasms
  8 giant cockroaches
  9 goblins
  7 hobgoblins
  2 jackals (D:2)
  3 kobolds
  3 quokkas
  5 ball pythons
  4 bats (D:3)
  2 frilled lizards
  6 rats
79 creatures vanquished.

Notes
Turn   | Place    | Note
-------+----------+-------------------------------------------
     0 | D:1      | sleeves the Meteoran Fighter began the quest for the Orb.
     0 | D:1      | Reached XP level 1. HP: 19/19 MP: 2/2
    86 | D:1      | Found a faded altar of an unknown god.
    89 | D:1      | Reached XP level 2. HP: 26/26 MP: 3/3
   119 | D:1      | Found Ciemoj's Weapon Emporium.
   243 | D:1      | Reached XP level 3. HP: 31/31 MP: 4/4
   279 | D:1      | Reached skill level 4 in Armour
   279 | D:1      | Reached skill level 4 in Shields
   358 | D:2      | Noticed Natasha
   365 | D:2      | Reached skill level 3 in Axes
   367 | D:2      | Killed Natasha
   368 | D:2      | Reached XP level 4. HP: 26/40 MP: 5/5
   370 | D:2      | Noticed Sigmund
   373 | D:2      | HP: 20/40 [kobold/+0 short sword (1)]
   379 | D:2      | HP: 18/40 [quokka (4)]
   385 | D:2      | HP: 13/40 [quokka (1)]
   575 | D:2      | Reached skill level 4 in Fighting
   575 | D:2      | Reached XP level 5. HP: 45/46 MP: 6/6
   627 | D:2      | Noticed Natasha
   633 | D:2      | Killed Natasha
   974 | D:3      | Found a snail-covered altar of Cheibriados.
  1057 | D:4      | Reached XP level 6. HP: 47/52 MP: 7/7
  1071 | D:4      | HP: 26/52 [iguana (4)]
  1074 | D:4      | HP: 11/52 [iguana (10)]
  1078 | D:4      | Reached skill level 1 in Throwing
  1200 | D:4      | Noticed a black bear
  1209 | D:4      | Killed a black bear
  1210 | D:4      | Reached skill level 4 in Axes
  1210 | D:4      | Reached skill level 5 in Armour
  1210 | D:4      | Reached skill level 5 in Shields
  1265 | D:5      | Entered Level 5 of the Dungeon
  1354 | D:4      | Noticed a black bear
  1369 | D:4      | Reached skill level 2 in Throwing
  1369 | D:4      | Reached XP level 7. HP: 45/60 MP: 8/8
  1619 | D:4      | Found Hobec's Jewellery Emporium.
  1766 | D:4      | Reached skill level 5 in Fighting
  1790 | D:5      | Noticed Pikel
  1794 | D:4      | HP: 30/61 [killer bee (1)]
  1795 | D:4      | HP: 13/61 [killer bee (5)]
  1796 | D:4      | Gained mutation: You possess an exceptional clarity of
                  | mind. [potion of mutation]
  1796 | D:4      | Lost mutation: You possess an exceptional clarity of mind.
                  | [potion of mutation]
  1796 | D:4      | Gained mutation: Your spells are a little harder to cast,
                  | but a little more powerful. [potion of mutation]
  1796 | D:4      | HP: 4/61 [poisoned by a killer bee]
  1796 | D:4      | Slain by a killer bee

Illustrated notes

Levels and vault maps discovered:
D:1:      lightli_arrival_lavapool, layout_rooms,
          dreamdust_ecumenical_altar_hidden_monk_grotto, serial_shops, shop,
          minmay_misc_feat_rows, minmay_worlds_worst_comb
D:2:      layout_rooms, minmay_heptomino_w4, uniq_natasha, uniq_sigmund,
          uniq_crazy_yiuf_cottage
D:3:      minmay_razor_zed, layout_rooms, slow_altar_2,
          chequers_serial_rivers_room_b, feat_on_display
D:4:      layout_gridville, serial_shops, nicolae_diamond_shop
D:5:      layout_cave_pools, uniq_pikel

Skill      XL: |  1  2  3  4  5  6  7 |
---------------+----------------------+-----
Armour         | 4 5 |  5.5
Shields        | 4 5 |  5.4
Axes           | 3 4 |  4.6
Fighting       | 4 5 |  5.0
Throwing       | 2 |  2.6

Action                   |  1- 3 |  4- 6 |  7- 9 || total
-------------------------+-------+-------+-------++-------
Melee: War axe           |    68 |   128 |    19 ||   215
       Dagger            |       |       |    27 ||    27
Throw: Boomerang         |       |     3 |       ||     3
  Use: Potion            |       |     1 |     1 ||     2
       Scroll            |       |       |     3 ||     3
Armor: Scale mail        |    47 |    80 |    40 ||   167
Dodge: Dodged            |    24 |    73 |    29 ||   126
Block: Buckler           |    21 |    45 |    32 ||    98
